 Dungeon Crawl Stone Soup version 0.28-a0-769-g550dbda0cd (webtiles) character file.

Game seed: 13325446523761470379

6752 timneilson the Blocker (level 11, -4/67 HPs)
             Began as a Gargoyle Fighter on Oct 31, 2021.
             Was a Priest of Okawaru.
             Slain by a two-headed ogre (5 damage)
             ... on level 9 of the Dungeon.
             The game lasted 00:17:51 (10089 turns).

timneilson the Blocker (Gargoyle Fighter)          Turns: 10089, Time: 00:17:52

Health: -4/67      AC: 29    Str: 24    XL:     11   Next: 4%
Magic:  11/13      EV: 18    Int:  8    God:    Okawaru [***...]
Gold:   447        SH:  7    Dex:  9    Spells: 10/10 levels left

rFire   . . .      SeeInvis .   a - +1 long sword (flame)
rCold   . . .      Faith    .   c - +0 buckler
rNeg    + . .      Spirit   .   o - +0 plate armour
rPois   ∞          Reflect  .   p - +2 helmet
rElec   +          Harm     .   g - +0 cloak
rCorr   .          Rampage  .   (no gloves)
Will    .....                   (no boots)
Stlth   ..........              (no amulet)
HPRegen 0.21/turn               h - +4 ring of evasion
MPRegen 0.13/turn               k - +4 ring of evasion

@: heroic
A: sickness immunity, AC +8, negative energy resistance 1, electricity
resistance, torment resistance 1, petrification resistance
a: Renounce Religion, Heroism


You were on level 9 of the Dungeon.
You worshipped Okawaru.
Okawaru was most pleased with you.
You visited 2 branches of the dungeon, and saw 10 of its levels.

You collected 447 gold pieces.

Inventory:

Hand Weapons
 a - a +1 long sword of flaming (weapon)
Armour
 c - a +0 buckler (worn)
 g - a +0 cloak (worn)
 o - a +0 plate armour (worn)
 p - a +2 helmet (worn)
Jewellery
 d - an amulet of faith
 h - a +4 ring of evasion (left hand)
 k - a +4 ring of evasion (right hand)
Wands
 l - a wand of digging (6)
 r - a wand of polymorph (2)
Scrolls
 e - 4 scrolls of identify
 i - a scroll of amnesia
Potions
 b - 2 potions of flight
 f - a potion of invisibility
 m - a potion of brilliance
 n - 2 potions of lignification
 q - a potion of attraction {unknown}


   Skills:
 + Level 7.0(12.0) Fighting
 * Level 7.5(12.5) Long Blades
 * Level 8.8(13.8) Armour
 + Level 4.1(9.1) Dodging
 - Level 0.5(5.5) Stealth
 * Level 8.8(13.8) Shields
 + Level 3.8 Invocations
 + Level 4.3 Evocations


You had 10 spell levels left.
You didn't know any spells.
Your spell library contained the following spells:

 Spells                   Type           Power      Damage    Failure   Level
 Ozocubu's Armour         Ice            0%         N/A       100%        3
 Ozocubu's Refrigeration  Ice            0%         4d5       100%        7
 Summon Small Mammal      Summ           Unusable   N/A       N/A         1
 Call Canine Familiar     Summ           Unusable   N/A       N/A         3
 Summon Guardian Golem    Hex/Summ       Unusable   N/A       N/A         3

Dungeon Overview and Level Annotations

Branches:
Dungeon (9/15)             Temple (1/1) D:5            Lair (0/6) D:8
    Orc (0/2) D:9

Altars:
Ashenzari
Cheibriados
Dithmenos
Elyvilon
Gozag
Hepliaklqana
Kikubaaqudgha
Makhleb
Nemelex Xobeh
Okawaru
Qazlal
Ru
Sif Muna
Trog
Uskayaw
Vehumet
Wu Jian
Xom
Yredelemnul
Zin
The Shining One
Beogh


Innate Abilities, Weirdness & Mutations

You are immune to sickness and miasma.
Your stone body is resilient. (AC +8)
You are immune to poison.
You resist negative energy. (rN+)
You are resistant to electric shocks. (rElec)
You are resistant to unholy torment.
You are immune to petrification.


Message History

You fade into invisibility!
The two-headed ogre barely misses you.
The two-headed ogre completely misses you.
You are very lightly contaminated with residual magic.
You slash the two-headed ogre! You burn the two-headed ogre.
The two-headed ogre is moderately wounded.
The two-headed ogre hits you but does no damage.
The two-headed ogre barely misses you.
You hit the two-headed ogre but do no damage.
The two-headed ogre is moderately wounded.
You slash the two-headed ogre! You burn the two-headed ogre.
The two-headed ogre is heavily wounded.
The two-headed ogre hits you with a +0 giant club!!
* * * LOW HITPOINT WARNING * * *
The two-headed ogre hits you with a +0 giant spiked club.
* * * LOW HITPOINT WARNING * * *
Unknown command.
You flicker for a moment.
You flicker back into view.
You feel like a meek peon again.
You gain the combat prowess of a mighty hero.
The two-headed ogre closely misses you.
The two-headed ogre completely misses you.
Your magical contamination has completely faded away.
You hit the two-headed ogre. You burn the two-headed ogre.
The two-headed ogre is heavily wounded.
You hit the two-headed ogre but do no damage.
The two-headed ogre is heavily wounded.
The two-headed ogre hits you with a +0 giant club.
* * * LOW HITPOINT WARNING * * *
The two-headed ogre hits you but does no damage.
You hit the two-headed ogre. You burn the two-headed ogre.
The two-headed ogre is severely wounded.
You slash the two-headed ogre! You burn the two-headed ogre.
The two-headed ogre is almost dead.
The two-headed ogre barely misses you. You block the two-headed ogre's attack.
You hit the two-headed ogre but do no damage.
The two-headed ogre is almost dead.
The two-headed ogre hits you with a +0 giant club.
You die...

##....#..........######....#
......#..........#...##....#
......#..........#.........#
......#..........#.........#
#######..[.......#.........#
##......##########.........#
.#......#.......##+####....#
.#......'.......##...##>...#
.#......#.......@O.........#
))......#.......##.........#
.#......#.......##.........#
##).....#.......##...##....#
........#.......##...##....#
..#######........#.........#
..#.....†........#.........#
..#....##.......##.........#
..#....##.......##..>##....#


You could see a two-headed ogre.

Vanquished Creatures
  A two-headed ogre (D:9)
  2 hornets
  Prince Ribbit (D:8)
  Sigmund (D:6)
  A shadow (D:5)
  2 vampires (D:9)
  A wyvern (D:9)
  Edmund (D:5)
  3 water moccasins
  4 black bears
  Duvessa (D:4)
  8 orc warriors
  2 sky beasts (D:7)
  4 ogres
  A necrophage (D:4)
  A centaur (D:5)
  A phantom (D:7)
  4 bullfrogs
  2 gnoll sergeants
  A wyvern zombie (D:7)
  A wyvern skeleton (D:6)
  A water moccasin zombie (D:5)
  Dowan (D:4)
  A water moccasin skeleton (D:5)
  9 killer bees
  A howler monkey (D:4)
  3 bullfrog zombies
  2 centaur zombies (D:9)
  A jelly (D:7)
  2 bullfrog skeletons
  10 orc priests
  3 hounds
  8 iguanas
  12 orc wizards
  A killer bee zombie (D:7)
  A hound zombie (D:5)
  A hound skeleton (D:5)
  A howler monkey zombie (D:8)
  Robin (D:4)
  4 adders
  7 gnolls
  A shadow imp (D:5)
  An ufetubus (D:4)
  3 worms (D:2)
  6 dart slugs
  51 orcs
  5 ball pythons
  6 endoplasms
  4 giant cockroaches
  17 goblins
  10 hobgoblins
  5 jackals
  6 kobolds
  A quokka (D:1)
  4 bats
  2 frilled lizards
  5 rats
240 creatures vanquished.

Vanquished Creatures (others)
  31 fungi (D:8)
  38 plants (D:8)
69 creatures vanquished.

Grand Total: 309 creatures vanquished

Notes
Turn   | Place    | Note
-------+----------+-------------------------------------------
     0 | D:1      | timneilson the Gargoyle Fighter began the quest for the
                  | Orb.
     0 | D:1      | Reached XP level 1. HP: 14/14 MP: 1/1
   193 | D:1      | Reached XP level 2. HP: 19/19 MP: 2/2
   592 | D:1      | Reached XP level 3. HP: 23/23 MP: 3/3
  1616 | D:2      | Reached XP level 4. HP: 28/29 MP: 4/4
  2493 | D:3      | Found a faded altar of an unknown god.
  2522 | D:3      | Found Rupodd's General Store.
  3045 | D:4      | Reached XP level 5. HP: 27/33 MP: 5/5
  3251 | D:4      | Noticed Robin
  3257 | D:4      | Killed Robin
  3302 | D:4      | Noticed Duvessa
  3303 | D:4      | Noticed Dowan
  3310 | D:4      | Killed Duvessa
  3315 | D:4      | Killed Dowan
  3316 | D:4      | Reached skill level 1 in Dodging
  3316 | D:4      | Reached XP level 6. HP: 13/38 MP: 6/6
  3600 | D:4      | Identified the +2 spear of Ymou {freeze, Dex+3 SInv}
  4080 | D:4      | Reached skill level 1 in Evocations
  4080 | D:4      | Reached XP level 7. HP: 44/44 MP: 7/7
  4478 | D:4      | Reached skill level 5 in Armour
  4496 | D:4      | Reached skill level 5 in Shields
  4818 | D:5      | Entered Level 5 of the Dungeon
  4896 | D:5      | Found a staircase to the Ecumenical Temple.
  4897 | D:5      | Noticed a shadow
  4909 | D:5      | Reached XP level 8. HP: 34/48 MP: 8/8
  4914 | D:5      | Killed a shadow
  4915 | D:5      | Reached skill level 5 in Fighting
  4927 | Temple   | Entered the Ecumenical Temple
  5277 | D:5      | Reached skill level 5 in Long Blades
  5397 | D:5      | Found an ornate altar of the Wu Jian Council.
  5398 | D:5      | Noticed Edmund
  5420 | D:5      | Killed Edmund
  5642 | D:5      | Found a hide-covered altar of Uskayaw.
  5829 | D:5      | Found an opulent altar of Gozag.
  5984 | D:5      | Found a glowing silver altar of Zin.
  6412 | D:6      | Reached XP level 9. HP: 54/54 MP: 9/9
  6540 | D:6      | Found an iron altar of Okawaru.
  6550 | D:6      | Became a worshipper of Warmaster Okawaru
  6558 | D:6      | Found a sparkling altar of Nemelex Xobeh.
  6678 | D:6      | Noticed Sigmund
  6690 | D:6      | Killed Sigmund
  6978 | D:7      | Reached skill level 1 in Invocations
  7001 | D:7      | Noticed a hornet
  7011 | D:7      | Killed a hornet
  7011 | D:7      | Reached * piety under Okawaru
  7514 | D:7      | Reached ** piety under Okawaru
  7549 | D:7      | Reached XP level 10. HP: 59/60 MP: 11/11
  7962 | D:8      | Found a staircase to the Lair.
  8501 | D:8      | Identified the +5 rapier of Untewn {vorpal, Fragile +Blink
                  | rPois rF++}
  9153 | D:9      | Noticed Prince Ribbit
  9195 | D:8      | Killed Prince Ribbit
  9369 | D:9      | Reached *** piety under Okawaru
  9416 | D:9      | Noticed a two-headed ogre
  9425 | D:9      | Killed a two-headed ogre
  9641 | D:9      | Found a staircase to the Orcish Mines.
 10023 | D:9      | Reached XP level 11. HP: 54/67 MP: 11/13
 10052 | D:9      | Noticed a two-headed ogre
 10065 | D:9      | HP: 3/67 [two-headed ogre (3)]
 10086 | D:9      | HP: 1/67 [two-headed ogre (6)]
 10089 | D:9      | Slain by a two-headed ogre

Illustrated notes

Levels and vault maps discovered:
D:1:      saegor_arrival_simple_a, layout_rooms, minmay_bisected
D:2:      layout_rooms, kennysheep_generic_room_8
D:3:      layout_basic, basic_ecumenical_altar, serial_shops, shop
D:4:      kennysheep_six_static_rooms, layout_basic, roderic_lattice_a,
          uniq_duvessa, uniq_robin
D:5:      layout_loops_ring, mainiacjoe_overflow_alcove_1,
          nicolae_uskayaw_murder_on_the_dancefloor, nicolae_gozag_seed_capital,
          nicolae_wu_jian_wuxing_cycle, minmay_temple_entry_statues_fountains,
          supply_closet_lemuel, uniq_edmund
D:6:      layout_cave_pools, okawaru_metal_pillars_1_2,
          nemelex_spade_bored_becter, uniq_sigmund
D:7:      minmay_flawed_box, layout_basic
D:8:      layout_rooms, due_lair_maze_entry_diamond
D:9:      layout_gridville, david_orc_5, nrook_mini_vaults, uniq_erica,
          uniq_prince_ribbit1
Temple:   nicolae_temple_no_exploring_needed

Skill      XL: |  1  2  3  4  5  6  7  8  9 10 |
---------------+-------------------------------+-----
Long Blades    | 2 3 4 5 6 7 |  7.5
Fighting       | 4 5 6 7 |  7.0
Armour         | 4 5 6 7 8 |  8.8
Shields        | 4 5 6 7 8 |  8.8
Dodging        | 1 2 3 4 |  4.1
Evocations     | 1 2 3 4 |  4.3
Invocations    | 2 3 |  3.8
Stealth        | |  0.5

Action                   |  1- 3 |  4- 6 |  7- 9 | 10-12 || total
-------------------------+-------+-------+-------+-------++-------
Melee: Long sword        |   126 |   165 |   446 |   394 ||  1131
Invok: Heroism           |       |       |     1 |    13 ||    14
  Use: Scroll            |     1 |     5 |     6 |     3 ||    15
       Potion            |       |     2 |     5 |     3 ||    10
 Stab: Invisible         |       |     2 |     1 |       ||     3
Armor: Scale mail        |    69 |    58 |    18 |       ||   145
       Chain mail        |       |       |   153 |   133 ||   286
       Plate armour      |       |       |       |    49 ||    49
Dodge: Dodged            |    70 |    98 |   309 |   329 ||   806
Block: Buckler           |    25 |    40 |    71 |   141 ||   277

Table legend: (Time is in decaauts)
 A = Elapsed time spent in this place.
 B = Non-inter-level travel time spent in this place.
 C = Inter-level travel time spent in this place.
 D = Time resting spent in this place.
 E = Time spent auto-exploring this place.
 F = Levels seen in this place.
 G = Mean time per level.
                   A        B        C        D        E       F      G
               +--------+--------+--------+--------+--------+-----+--------+
         Total |  10225 |   9962 |    263 |   1027 |   6306 |  10 | 1022.5 |
       Dungeon |   9995 |   9732 |    263 |    799 |   6306 |   9 | 1110.6 |
        Temple |    229 |    229 |      0 |    228 |      0 |   1 |  229.0 |
               +--------+--------+--------+--------+--------+-----+--------+

Top non-repeatable levels by time:
     D:4: 1956 daAuts
     D:7: 1614 daAuts
     D:5: 1378 daAuts
     D:1: 1088 daAuts
     D:3: 976 daAuts
     D:2: 887 daAuts
     D:9: 866 daAuts
     D:8: 651 daAuts
     D:6: 574 daAuts
  Temple: 229 daAuts
